 Dungeon Crawl Stone Soup version 0.26.0-10-g1f06aea511 (webtiles) character file.

Game seed: 905717269021099832

140 trm the Conjurer (level 5, 39/39 HPs)
             Began as a Demonspawn Conjurer on Jan 21, 2021.
             Quit the game on level 3 of the Dungeon.
             The game lasted 00:03:27 (2720 turns).

trm the Conjurer (Demonspawn Conjurer)              Turns: 2720, Time: 00:03:27

Health: 39/39      AC:  6    Str:  7    XL:     5   Next: 2%
Magic:  3/9        EV: 12    Int: 20    God:
Gold:   107        SH:  0    Dex: 12    Spells: 7/10 levels left

rFire    . . .     SeeInvis .   l - +0 hunting sling
rCold    . . .     Faith    .   (no shield)
rNeg     . . .     Spirit   .   a - +0 robe
rPois    .         Reflect  .   (no helmet)
rElec    .         Harm     .   b - +0 cloak
rCorr    .         Rampage  .   (no gloves)
Will     .....                  n - +2 pair of boots
Stlth    ++........             (no amulet)
HPRegen  0.13/turn              f - +4 ring of evasion
MPRegen  0.11/turn              h - -4 ring of evasion (curse)

@: no status effects
A: talons 1, powered by pain 1, miasma immunity
a: no special abilities


You were on level 3 of the Dungeon.
You visited 1 branch of the dungeon, and saw 3 of its levels.

You collected 107 gold pieces.

Inventory:

Hand Weapons
 d - a +0 dagger
 l - a +0 hunting sling (weapon)
Missiles
 j - 130 stones (quivered ammo)
 k - 8 poisoned darts
Armour
 a - a +0 robe (worn)
 b - a +0 cloak (worn)
 n - a +2 pair of boots (worn)
Jewellery
 f - a +4 ring of evasion (left hand)
 h - a cursed -4 ring of evasion (right hand)
Scrolls
 g - 2 scrolls of enchant weapon {unknown}
 i - a scroll of teleportation {unknown}
 o - a scroll of enchant armour {unknown}
Potions
 c - 2 potions of lignification {unknown}
 e - a potion of mutation {unknown}
 m - 2 potions of flight {unknown}


   Skills:
 + Level 2.5 Fighting
 - Level 1.7 Dodging
 - Level 1.7 Stealth
 + Level 3.2 Spellcasting
 + Level 4.9 Conjurations


You had 7 spell levels left.
You knew the following spells:

 Your Spells              Type           Power        Failure   Level
a - Magic Dart            Conj           88%          1%          1
b - Searing Ray           Conj           44%          2%          2

Your spell library contained the following spells:

 Spells                   Type           Power        Failure   Level
 Dazzling Flash           Conj/Hex       26%          16%         3
 Fulminant Prism          Conj/Hex       6%           45%         4
 Iskenderun's Mystic Bla  Conj/Tloc      13%          45%         4


Dungeon Overview and Level Annotations

Branches:
Dungeon (3/15)

Altars:


Innate Abilities, Weirdness & Mutations

You have sharp toenails.
You sometimes gain a little power by taking damage.
You are immune to miasma.


Message History

The adder is almost dead. (Press . to maintain the ray.)
The adder bites you but does no damage.
The searing ray misses the adder.
The adder bites you but does no damage.
The searing ray hits the adder!
You kill the adder!
You have reached level 5!
Your demonic ancestry asserts itself...
You feel immune to miasma.
A jackal comes into view.
A jackal is nearby!
A jackal is nearby!
You shoot a stone. The stone barely misses the jackal.
The jackal barks!
You shoot a stone. The stone closely misses the jackal.
The searing ray hits the jackal.
You kill the jackal! (Press . to maintain the ray.)
Okay, then.
Are you sure you want to abandon this character and quit the game? (Confirm with "yes".)

((#(....( ...(....##
(......)## #........# .
#?(..†#..#..
#.†.........!.
#.†...........
##.@....#......#
###...)..........#..
#.....^............#
$................)..##
.###..)..............##
#.........##.......##
#.................".#
########............#
#....)........


There were no monsters in sight!

Vanquished Creatures
  An ogre (D:3)
  2 adders
  2 dart slugs
  3 bats (D:1)
  A giant cockroach (D:1)
  6 goblins
  3 hobgoblins
  8 jackals
  5 kobolds (D:1)
  6 rats
37 creatures vanquished.

Notes
Turn   | Place    | Note
-------+----------+-------------------------------------------
     0 | D:1      | trm the Demonspawn Conjurer began the quest for the Orb.
     0 | D:1      | Reached XP level 1. HP: 13/13 MP: 3/3
   465 | D:1      | Gained mutation: You sometimes gain a little power by
                  | taking damage. [demonic ancestry]
   465 | D:1      | Reached XP level 2. HP: 20/20 MP: 0/5
   468 | D:1      | Learned a level 2 spell: Searing Ray
   751 | D:1      | Reached skill level 1 in Fighting
  1896 | D:2      | Gained mutation: You have sharp toenails. [demonic
                  | ancestry]
  1896 | D:2      | Reached XP level 3. HP: 26/26 MP: 6/6
  2574 | D:3      | Noticed an ogre
  2579 | D:3      | Killed an ogre
  2580 | D:3      | Reached XP level 4. HP: 34/34 MP: 1/8
  2685 | D:3      | Gained mutation: You are immune to miasma. [demonic
                  | ancestry]
  2685 | D:3      | Reached XP level 5. HP: 39/39 MP: 1/9
  2720 | D:3      | Quit the game

Illustrated notes

Levels and vault maps discovered:
D:1:      lemuel_arrival_cross, layout_basic, chequers_hall_statues_corner_a,
          columned_hall_lemuel, lemuel_another_geyser
D:2:      layout_basic, hex_tiny
D:3:      layout_rooms, chequers_ecumenical_altar_twisty, uniq_natasha

Skill      XL: |  1  2  3 |
---------------+----------+-----
Fighting       | 1 2 |  2.5
Spellcasting   | 3 |  3.2
Dodging        | |  1.7
Stealth        | |  1.7
Conjurations   | |  4.9

Action                   |  1- 3 |  4- 6 || total
-------------------------+-------+-------++-------
Melee: Dagger            |    45 |       ||    45
 Fire: Hunting sling     |    34 |    14 ||    48
 Cast: Magic Dart        |    21 |       ||    21
       Searing Ray       |     7 |     3 ||    10
Armor: Robe              |    19 |     3 ||    22
Dodge: Dodged            |    54 |     2 ||    56
